 Dungeon Crawl Stone Soup version 0.27.1 (webtiles) character file.

Game seed: 18350320874439254704

21 nxtlvl the Cutter (level 2, 0/18 HPs)
             Began as a Deep Elf Monk on Aug 30, 2021.
             Slain by a hound (5 damage)
             ... on level 4 of the Dungeon.
             The game lasted 00:01:59 (259 turns).

nxtlvl the Cutter (Deep Elf Monk)                    Turns: 259, Time: 00:02:00

Health: 0/18       AC:  5    Str:  7 (8)  XL:     2   Next: 65%
Magic:  4/4        EV: 10    Int: 11 (14) God:
Gold:   38         SH:  0    Dex: 15 (17) Spells: 1/1 levels left

rFire    . . .     SeeInvis .   a - +0 short sword
rCold    . . .     Faith    .   (no shield)
rNeg     . . .     Spirit   .   c - +0 ring mail
rPois    .         Reflect  .   (no helmet)
rElec    .         Harm     .   (no cloak)
rCorr    .         Rampage  .   (no gloves)
Will     .....                  (no boots)
Stlth    +.........             (no amulet)
HPRegen  0.06/turn              (no ring)
MPRegen  0.09/turn              (no ring)

@: no status effects
A: no striking features
a: no special abilities


You were on level 4 of the Dungeon.
You visited 1 branch of the dungeon, and saw 4 of its levels.

You collected 38 gold pieces.

Inventory:

Hand Weapons
 a - a +0 short sword (weapon)
Missiles
 e - 23 sling bullets
Armour
 c - a +0 ring mail (worn)
Scrolls
 d - 2 scrolls of teleportation {unknown}


   Skills:
 - Level 2.4 Fighting
 * Level 4.0 Short Blades
 - Level 3.6 Dodging
 - Level 2.4 Stealth


You had one spell level left.
You didn't know any spells.
Your spell library was empty.

Dungeon Overview and Level Annotations

Branches:
Dungeon (4/15)
 Temple: D:4-7

Altars:


Message History

Found 23 sling bullets.
A hobgoblin comes into view.
There is an open door here.
You hit the hobgoblin but do no damage.
The hobgoblin hits you but does no damage.
You hit the hobgoblin.
The hobgoblin is severely wounded.
The hobgoblin hits you.
* * * LOW HITPOINT WARNING * * *
You hit the hobgoblin.
You kill the hobgoblin!
Your Short Blades skill increases to level 4!
You see here 23 sling bullets.
e - 23 sling bullets
Found a stone staircase leading down.
There is a stone staircase leading down here.
You climb downwards.
There is a stone staircase leading up here.
A ball python comes into view.
The ball python hisses angrily.
You closely miss the ball python. The ball python barely misses you.
The ball python closely misses you.
You hit the ball python but do no damage.
The ball python bites you but does no damage.
The ball python grabs you. The ball python constricts you.
The ball python closely misses you. The ball python constricts you.
You hit the ball python.
You kill the ball python!
Found a stone staircase leading down.
Found 7 gold pieces.
Found a scroll labelled JOCUGE NIMM.
You now have 38 gold pieces (gained 7).
d - 2 scrolls labelled JOCUGE NIMM (gained 1)
A hound comes into view.
The hound barks!
It was a potion of degeneration.
There was something very wrong with that liquid.
You feel weakened.
You feel dopey.
You feel clumsy.
You closely miss the hound. The hound bites you.
You die...

#. #.# #.# ...
##.# ..... #...
.....
#..#######.....
#..@..........
##h######...#
##...........#
#..............#
##......##.....#
#.......##.....#
#.#.#...##.....#
#.#...####.....#
# #...# #..####


You could see a hound.

Vanquished Creatures
  An adder (D:3)
  2 giant cockroaches
  A goblin (D:2)
  A hobgoblin (D:3)
  A quokka (D:3)
  4 ball pythons
  A bat (D:2)
  A frilled lizard (D:2)
12 creatures vanquished.

Notes
Turn   | Place    | Note
-------+----------+-------------------------------------------
     0 | D:1      | nxtlvl the Deep Elf Monk began the quest for the Orb.
     0 | D:1      | Reached XP level 1. HP: 13/13 MP: 3/3
    39 | D:1      | Found a faded altar of an unknown god.
   147 | D:2      | Reached XP level 2. HP: 18/18 MP: 4/4
   204 | D:3      | Reached skill level 4 in Short Blades
   259 | D:4      | Slain by a hound

Illustrated notes

Levels and vault maps discovered:
D:1:      dpeg_arrival_rhombus, layout_basic, dreamdust_ecumenical_altar_statues
D:2:      layout_basic, minmay_domino_4
D:3:      layout_loops_corners, saegor_snake_ambush
D:4:      layout_basic, minmay_temple_entry_junction_2

Skill      XL: |  1  2 |
---------------+-------+-----
Short Blades   | 4 |  4.0
Fighting       | |  2.4
Dodging        | |  3.6
Stealth        | |  2.4

Action                   || total
-------------------------++-------
Melee: Short sword       ||    35
  Use: Potion            ||     1
 Stab: Sleeping          ||     2
Armor: Ring mail         ||     9
Dodge: Dodged            ||    17
